 Dungeon Crawl Stone Soup version 0.31-a0-355-g57cb03d3e8 (webtiles) character file.

Game seed: 14787097626618609354

135525 hashsling the Warrior (level 17, -7/124 HPs)
             Began as a Gargoyle Berserker on July 25, 2023.
             Was a High Priest of Trog.
             Killed from afar by a starcursed mass (9 damage)
             ... with an accursed screaming
             ... on level 3 of the Abyss.
             The game lasted 02:19:22 (24816 turns).

hashsling the Warrior (Gargoyle Berserker)         Turns: 24816, Time: 02:19:23

Health: -7/124     AC: 40    Str: 33      XL:     17   Next: 19%
Magic:  0/20       EV: 14    Int: 12 (14) God:    Trog [*****.]
Gold:   1089       SH: 11    Dex: 12      Spells: 16/16 levels left

rFire   + . .        C - +10 whip "Raux Uze" {elec, rElec rCorr Str-2 Int+6}
rCold   + . .        a - +2 kite shield {reflect}
rNeg    + + .        X - +3 plate armour {rF+}
rPois   ∞            R - +0 helmet
rElec   +            t - scarf {rC+ rF+}
rCorr   +            (no gloves)
SInv    .            M - +2 pair of boots
Will    +++..        Z - amulet of Tempters {Spirit rN+ Dex+3} Stlth
                     l - +5 ring of evasion
HPRegen 1.40/turn    F - +6 ring of strength
MPRegen 0.17/turn

%: reflection, guardian spirit
@: about to teleport, strong-willed, on berserk cooldown, flying, regenerating,
slowed, studying 3 skills, very slow
A: sickness immunity, AC +12, big wings, negative energy resistance 1,
electricity resistance, torment resistance 1, petrification resistance, heat
vulnerability 1
a: Renounce Religion, Berserk, Trog's Hand, Brothers in Arms


You were on level 3 of the Abyss.
You worshipped Trog.
Trog was extremely pleased with you.
You visited 4 branches of the dungeon, and saw 24 of its levels.
You visited the Abyss 1 time.
You also visited: Ice Cave.

You collected 3364 gold pieces.
You spent 2275 gold pieces at shops.

Inventory:

Hand Weapons
 o - the +10 dire flail of Acutz {flame, rF+ Dex+2 SInv}
   (Trog gifted it to you on level 4 of the Snake Pit)

   Dex:       It affects your dexterity (+2).
   rF:        It protects you from fire.
   SInv:      It lets you see invisible.
 v - the +4 hammer of Isu Yzek {freeze, rPois rF+ Int+4}
   (You found it on level 7 of the Dungeon)

   Int:       It affects your intelligence (+4).
   rF:        It protects you from fire.
   rPois:     It protects you from poison.
 x - a +3 morningstar of flaming
 C - the +10 whip "Raux Uze" (weapon) {elec, rElec rCorr Str-2 Int+6}
   (You found it on level 7 of the Dungeon)

   Str:       It affects your strength (-2).
   Int:       It affects your intelligence (+6).
   rElec:     It insulates you from electricity.
   rCorr:     It protects you from acid and corrosion.
 S - a +3 antimagic dire flail
 Y - a +4 heavy mace
Missiles
 n - 2 throwing nets
 D - 14 curare-tipped darts
 E - 28 poisoned darts (quivered)
Armour
 a - a +2 kite shield of reflection (worn)
 r - a +1 kite shield of fire resistance
 s - a +2 kite shield of protection
 t - a scarf of resistance (worn)
 M - a +2 pair of boots (worn)
 R - a +0 helmet (worn)
 X - a +3 plate armour of fire resistance (worn)
Jewellery
 g - a ring of resist corrosion
 l - a +5 ring of evasion (left hand)
 F - a +6 ring of strength (right hand)
 N - an amulet of regeneration
 Z - the amulet of Tempters (around neck) {Spirit rN+ Dex+3}
   (You bought it in a shop on level 2 of the Orcish Mines)

   [amulet of guardian spirit]

   It causes incoming damage to be divided between your reserves of health and
   magic.
   Dex:       It affects your dexterity (+3).
   rN:        It protects you from negative energy.
Wands
 y - a wand of acid (8)
 I - a wand of charming (24)
 J - a wand of iceblast (12)
 L - a wand of mindburst (4)
 O - a wand of flame (25)
Scrolls
 c - 7 scrolls of teleportation
 d - a scroll of fear
 e - 6 scrolls of revelation
 f - a scroll of poison
 m - 4 scrolls of fog
 p - 2 scrolls of identify
 q - 4 scrolls of enchant armour
 H - a scroll of blinking {unknown}
 K - 5 scrolls of enchant weapon
 T - a scroll of immolation {unknown}
Potions
 b - 2 potions of heal wounds
 h - 2 potions of invisibility {unknown}
 i - 8 potions of enlightenment
 j - 4 potions of degeneration
 k - 3 potions of curing
 u - a potion of ambrosia {unknown}
 w - 2 potions of might {unknown}
 A - 4 potions of haste
 B - a potion of magic {unknown}
 Q - 3 potions of resistance
 U - 2 potions of cancellation {unknown}
Miscellaneous
 P - a lightning rod (1/4)


   Skills:
 + Level 20.5 Fighting
 - Level 16.0 Maces & Flails
 - Level 6.0 Throwing
 + Level 19.6 Armour
 - Level 2.0 Dodging
 - Level 6.0 Shields
 - Level 5.0 Invocations
 - Level 2.0 Evocations


You had 16 spell levels left.
You didn't know any spells.
Your spell library contained the following spells:

 Spells                   Type           Power      Damage    Failure   Level
 Freeze                   Ice            0%         1d3       90%         1
 Frozen Ramparts          Ice            0%         1d1       99%         3
 Hailstorm                Conj/Ice       0%         3d3       99%         3
 Agony                    Necr           0%         N/A       100%        5
 Death Channel            Necr           0%         N/A       100%        6
 Ozocubu's Refrigeration  Ice            0%         4d7       100%        7
 Polar Vortex             Ice            0%         N/A       100%        9
 Sublimation of Blood     Necr           Unusable   N/A       N/A         2

Dungeon Overview and Level Annotations

Branches:
Dungeon (13/15)            Temple (0/1) D:6            Lair (5/5) D:10
 Shoals (0/4) Lair:3        Snake (4/4) Lair:2        Slime (0/5) Lair:4
    Orc (2/2) D:11            Elf (0/3) Orc:2         IceCv (visited)
 Vaults: D:13-14

Altars:
Ashenzari
Cheibriados
Fedhas
Gozag
Hepliaklqana
Kikubaaqudgha
Okawaru
Qazlal
Sif Muna
Trog
Vehumet
Wu Jian
Xom
Yredelemnul
Zin
The Shining One

Shops:
D:3 =   D:5 *   D:13 =   Orc:2 =([*   Snake:4 =


Innate Abilities, Weirdness & Mutations

You are immune to sickness and miasma.
Your stone body is resilient. (AC +12)
You are immune to poison.
Your large and strong wings let you fly.
You resist negative energy. (rN+)
You are resistant to electric shocks. (rElec)
You are resistant to unholy torment.
You are immune to petrification.
You are vulnerable to heat. (rF-)


Message History

You writhe in agony.
* * * LOW HITPOINT WARNING * * *
You can move again.
A starcursed mass splits.
A cacophony of accursed wailing tears at your sanity!
* * * LOW HITPOINT WARNING * * *
Something hits you but does no damage.
You feel a strong urge to attack something.
A deafening chorus of shrieks assaults your mind!
* * * LOW HITPOINT WARNING * * *
A starcursed mass splits.
You feel your anger nearly subside.
You are no longer berserk.
You are exhausted.
You feel yourself slow down.
A starcursed mass splits.
You feel much better.
A cacophony of accursed wailing tears at your sanity!
* * * LOW HITPOINT WARNING * * *
The tormentor calls on the powers of darkness!
Something is bathed in an unholy light!
Your body is wracked with pain!
* * * LOW HITPOINT WARNING * * *
The glowing orange brain convulses!
The glowing orange brain pulsates.
You feel dopey. Something feeds on your intellect!
As you read the scroll of fog, it dissolves into smoke.
You hear some strange, mumbled words.
A shard of ice appears from out of thin air!
The shard of ice hits you!! You partially resist.
* * * LOW HITPOINT WARNING * * *
A starcursed mass splits.
Something hits you but does no damage.
A starcursed mass splits. x3; You block something's attack.
As you read the scroll of teleportation, it crumbles to dust.
You feel strangely unstable.
You feel the power of the Abyss delaying your translocation!
A bolt of lightning appears from out of thin air!
The bolt of lightning hits you! You resist.
* * * LOW HITPOINT WARNING * * *
The starcursed mass barely misses you.
A deafening chorus of shrieks assaults your mind!
You die...

### .. .. .#. . ##.#
#..†.... . #......†
.... # . ..#'#
###..).#..# .
#.#...†...#.# ...
..).. ......# .
......3 . .§.# . ###
.#.##..##§§.##
#..... .#####@X§..#
.. ......X52{§X...#
.. ......xZ3XXX#.##
..#...XX.#........#
.........XXXX.. # .
.X..........X......
.#.X...#.....#...#..
....... ... ...###
...... .. .......


You could see 7 starcursed masses, a large abomination, a tormentor, a neqoxec,
a small abomination, a quasit and a juggernaut skeleton.

Vanquished Creatures
  Rupert (D:13)
  A nagaraja (Snake:4)
  An orc warlord (Orc:2)
  Erolcha (Orc:1)
  A rakshasa (Abyss:3)
  3 hydras
  3 boulder beetles
  5 anacondas
  A centaur warrior (D:13)
  4 two-headed ogres
  5 salamander tyrants
  2 catoblepae
  Erica (Lair:1)
  2 death yaks (Lair:4)
  5 orc high priests (Orc:2)
  10 naga warriors
  5 shock serpents
  5 naga sharpshooters
  Sonja (D:13)
  3 skysharks
  3 skeletal warriors (D:13)
  9 salamander mystics
  2 naga ritualists
  Pikel (D:6)
  5 mana vipers
  A necromancer (IceCv)
  2 orc sorcerers (Orc:2)
  4 orc knights
  4 oklob plants (Lair:3)
  24 salamanders
  2 manticores
  3 cyclopes
  26 elephants
  A worldbinder (Abyss:3)
  A large abomination (Abyss:3)
  27 black mambas
  18 naga magi
  An ice statue (IceCv)
  4 guardian serpents
  6 cane toads
  7 gargoyles
  4 unseen horrors
  A smoke demon (Abyss:3)
  Maggie (D:7)
  9 komodo dragons
  An unseen horror zombie (D:8)
  An efreet (Abyss:3)
  2 kobold demonologists
  5 freezing wraiths (IceCv)
  2 anaconda simulacra (IceCv)
  An ancient zyme (Abyss:3)
  16 ice devils
  4 trolls
  A wind drake (Lair:3)
  A hornet (D:9)
  9 polar bears (Lair:5)
  A dream sheep (Lair:5)
  8 raiju
  5 blink frogs (Lair:4)
  9 slime creatures
  A shadow (D:9)
  4 flying skulls (Abyss:3)
  5 wyverns
  A small abomination (Abyss:3)
  3 wraiths
  37 yaks
  Eustachio (D:5)
  A basilisk (D:13)
  6 vampire mosquitoes
  3 death yak simulacra (IceCv)
  2 steam dragons
  2 harpy simulacra (IceCv)
  9 wargs
  12 hell hounds (Lair:5)
  27 nagas
  Duvessa (D:5)
  11 water moccasins
  25 orc warriors
  5 ogres
  A sky beast (D:7)
  An ice beast (D:7)
  12 black bears
  17 wolves
  5 centaurs
  A lemure (D:6)
  3 kobold brigands
  A gnoll sergeant (D:6)
  12 bullfrogs
  2 scorpions
  A two-headed ogre simulacrum (IceCv)
  9 cane toad simulacra (IceCv)
  A necrophage (D:8)
  6 wights
  Dowan (D:5)
  2 elephant simulacra (IceCv)
  14 killer bees
  A howler monkey (D:12)
  2 centaur zombies (D:8)
  A human zombie (D:8)
  A gnoll bouda (D:10)
  2 jellies
  9 orc priests
  Crazy Yiuf (D:7)
  2 hounds (D:6)
  5 iguanas
  10 orc wizards
  2 sleepcaps
  6 polar bear simulacra (IceCv)
  A spriggan simulacrum (IceCv)
  A killer bee zombie (D:8)
  2 mummies
  A howler monkey zombie (D:8)
  11 adders
  15 gnolls
  A naga simulacrum (IceCv)
  A shadow imp (D:7)
  A white imp (D:7)
  4 ufetubi
  A worm (D:5)
  3 dart slugs
  57 orcs
  4 ball pythons
  An endoplasm (D:3)
  2 giant cockroaches
  5 goblins
  5 hobgoblins
  8 jackals
  6 quokkas
  3 bats
  2 frilled lizards (D:2)
  2 hobgoblin zombies (D:7)
  16 kobolds
  A kobold zombie (D:7)
  An orc zombie (D:7)
  4 rats
738 creatures vanquished.

Vanquished Creatures (collateral kills)
  3 slime creatures (D:13)
  An ugly thing (D:13)
4 creatures vanquished.

Vanquished Creatures (others)
  A nagaraja (Snake:4)
  A salamander (Snake:4)
  A small abomination (Abyss:3)
  A jackal (D:5)
4 creatures vanquished.

Grand Total: 746 creatures vanquished

Notes
Turn   | Place    | Note
-------+----------+-------------------------------------------
     0 | D:1      | hashsling the Gargoyle Berserker began the quest for the
                  | Orb.
     0 | D:1      | Reached XP level 1. HP: 14/14 MP: 1/1
   164 | D:1      | Reached XP level 2. HP: 19/19 MP: 2/2
  1018 | D:2      | Reached XP level 3. HP: 24/24 MP: 3/3
  1462 | D:2      | Reached skill level 4 in Fighting
  1622 | D:3      | Reached ** piety under Trog
  1632 | D:3      | Reached XP level 4. HP: 29/29 MP: 4/4
  1749 | D:3      | Found an ornate altar of the Wu Jian Council.
  1830 | D:3      | Found Uler's Jewellery Shop.
  2088 | D:4      | Reached XP level 5. HP: 20/34 MP: 2/5
  2213 | D:4      | Noticed a black bear
  2229 | D:4      | Killed a black bear
  2411 | D:4      | Reached XP level 6. HP: 36/40 MP: 3/6
  2634 | D:4      | Reached skill level 5 in Fighting
  2962 | D:4      | Found a blossoming altar of Fedhas.
  3344 | D:5      | Entered Level 5 of the Dungeon
  3406 | D:5      | Noticed Duvessa
  3420 | D:5      | Killed Duvessa
  3421 | D:5      | Reached skill level 5 in Maces & Flails
  3428 | D:5      | Reached XP level 7. HP: 44/44 MP: 7/7
  3544 | D:5      | Noticed Dowan
  3554 | D:5      | Killed Dowan
  3555 | D:5      | Reached skill level 5 in Armour
  3556 | D:5      | Found a snail-covered altar of Cheibriados.
  3639 | D:5      | Noticed Eustachio
  3644 | D:5      | Reached skill level 6 in Fighting
  3656 | D:5      | Killed Eustachio
  3761 | D:5      | Reached XP level 8. HP: 50/52 MP: 8/8
  3781 | D:5      | Found a stormy altar of Qazlal.
  3892 | D:5      | Found Nuyfix's General Store.
  3895 | D:5      | Bought a scroll of identify for 20 gold pieces
  3895 | D:5      | Bought a +2 mace of venom for 156 gold pieces
  4176 | D:6      | Found an iron altar of Okawaru.
  4179 | D:6      | Found a broken altar of Ashenzari.
  4179 | D:6      | Found a radiant altar of Vehumet.
  4208 | D:6      | Noticed Pikel
  4220 | D:6      | Killed Pikel
  4221 | D:6      | Reached skill level 7 in Fighting
  4290 | D:6      | Identified a scroll of acquirement
  4292 | D:6      | Acquired 949 gold pieces
  4337 | D:6      | Reached *** piety under Trog
  4358 | D:6      | Found a staircase to the Ecumenical Temple.
  4451 | D:6      | Reached XP level 9. HP: 59/59 MP: 7/9
  4504 | D:6      | Reached skill level 8 in Fighting
  4919 | D:6      | Found a glowing golden altar of the Shining One.
  4956 | D:7      | Reached skill level 1 in Shields
  5010 | D:7      | Noticed Maggie
  5026 | D:7      | Killed Maggie
  5367 | D:7      | Identified the +10 whip "Raux Uze" {elec, rElec rCorr Str-2
                  | Int+6}
  5440 | D:7      | Reached **** piety under Trog
  5473 | D:7      | Found a runed translucent door.
  5474 | D:7      | Noticed Crazy Yiuf
  5480 | D:7      | Killed Crazy Yiuf
  5485 | D:7      | Identified the +4 hammer of Isu Yzek {freeze, rPois rF+
                  | Int+4}
  5619 | D:7      | Found a glowing silver altar of Zin.
  5698 | D:8      | Reached skill level 9 in Fighting
  5848 | D:8      | Reached XP level 10. HP: 66/66 MP: 10/10
  5931 | D:8      | Noticed a cyclops
  5936 | D:8      | Killed a cyclops
  6385 | D:8      | Found a basalt altar of Yredelemnul.
  6474 | D:9      | Noticed a two-headed ogre
  6481 | D:9      | Killed a two-headed ogre
  6482 | D:9      | Reached skill level 10 in Fighting
  6579 | D:9      | Found a shimmering altar of Xom.
  6579 | D:9      | Found a shimmering altar of Xom.
  6617 | D:9      | Reached skill level 10 in Armour
  6653 | D:9      | Reached XP level 11. HP: 72/73 MP: 11/11
  6863 | D:9      | Reached skill level 10 in Maces & Flails
  6863 | D:9      | Reached skill level 1 in Throwing
  6959 | D:9      | Found a shimmering altar of Xom.
  6959 | D:9      | Found a shimmering altar of Xom.
  6961 | D:9      | Found a shimmering altar of Xom.
  7043 | D:9      | Found a shimmering blue altar of Sif Muna.
  7225 | D:9      | Noticed a glowing orange brain
  7301 | D:10     | Entered Level 10 of the Dungeon
  7325 | D:10     | Reached skill level 11 in Fighting
  7343 | D:10     | Found a staircase to the Lair.
  7362 | D:10     | Reached ***** piety under Trog
  7449 | D:10     | Found a bloodstained altar of Trog.
  7451 | D:10     | Found an ancient bone altar of Kikubaaqudgha.
  7452 | D:10     | Found an opulent altar of Gozag.
  7461 | D:10     | Found a hazy altar of Hepliaklqana.
  8028 | D:11     | Reached skill level 1 in Evocations
  8081 | D:11     | Found an iron altar of Okawaru.
  8566 | D:11     | Found a staircase to the Orcish Mines.
  9042 | Lair:1   | Entered Level 1 of the Lair of Beasts
  9047 | Lair:1   | Reached XP level 12. HP: 81/81 MP: 12/12
  9058 | Lair:1   | Reached skill level 12 in Fighting
  9225 | Lair:1   | Acquired a manual of Maces & Flails
  9515 | Lair:1   | Noticed Erica
  9526 | Lair:1   | Killed Erica
  9564 | Lair:1   | Reached skill level 5 in Shields
 10088 | Lair:2   | Found a staircase to the Snake Pit.
 10112 | Lair:2   | Reached skill level 1 in Invocations
 10358 | Lair:2   | Reached skill level 13 in Fighting
 10588 | Lair:2   | Noticed a catoblepas
 10612 | Lair:2   | Killed a catoblepas
 10666 | Lair:2   | Reached XP level 13. HP: 81/89 MP: 15/15
 10849 | Lair:2   | Received a gift from Trog
 11235 | Lair:3   | Reached skill level 14 in Fighting
 11433 | Lair:3   | Found a staircase to the Shoals.
 11881 | Lair:3   | Reached skill level 5 in Invocations
 12410 | Lair:4   | Reached skill level 15 in Fighting
 12418 | Lair:4   | HP: 4/92 [wyvern (6)]
 12468 | Lair:4   | Found a frozen archway.
 12575 | IceCv    | Entered an ice cave
 12941 | IceCv    | Found an ancient bone altar of Kikubaaqudgha.
 12948 | IceCv    | Gained mutation: Your large and strong wings let you fly.
                  | [Gargoyle growth]
 12948 | IceCv    | Reached XP level 14. HP: 98/98 MP: 17/17
 13209 | IceCv    | Found the dreamshard necklace {Acrobat *Dream}
 13571 | IceCv    | Got Toog's Cyclopedia of the Sepulchral Serac
 13696 | Lair:4   | Reached skill level 16 in Fighting
 13839 | Lair:4   | Found a staircase to the Slime Pits.
 14050 | Lair:4   | Reached skill level 15 in Armour
 14749 | Lair:5   | Entered Level 5 of the Lair of Beasts
 15171 | Lair:5   | Reached skill level 17 in Fighting
 15346 | Lair:5   | Received a gift from Trog
 15879 | Orc:1    | Entered Level 1 of the Orcish Mines
 15885 | Orc:1    | Noticed Erolcha
 15892 | Orc:1    | Killed Erolcha
 15995 | Orc:2    | Entered Level 2 of the Orcish Mines
 16001 | Orc:2    | Noticed an orc warlord
 16002 | Orc:2    | Found Jauwir's Jewellery Emporium.
 16006 | Orc:2    | Found Atixum's Antique Armour Shop.
 16030 | Orc:2    | Gained mutation: You are vulnerable to heat. (rF-) [a
                  | neqoxec]
 16441 | Orc:2    | Killed an orc warlord
 16442 | Orc:2    | Reached XP level 15. HP: 45/107 MP: 11/18
 16784 | Orc:2    | Bought a runed plate armour for 1014 gold pieces
 16881 | Orc:2    | Found Liez's Antique Weapon Shoppe.
 17295 | Orc:2    | Found Comni's General Store.
 17301 | Orc:2    | Found a staircase to the Elven Halls.
 17449 | Orc:2    | Bought a +5 ring of evasion for 468 gold pieces
 17945 | D:13     | Noticed Sonja
 17958 | D:13     | Killed Sonja
 18059 | D:13     | Reached skill level 18 in Fighting
 18129 | D:13     | Reached skill level 15 in Maces & Flails
 18397 | D:13     | Noticed Rupert
 18415 | D:13     | Killed Rupert
 18415 | D:13     | Received a gift from Trog
 18564 | D:13     | Found a shimmering blue altar of Sif Muna.
 18766 | D:13     | Found Affobat's Jewellery Emporium.
 18836 | Orc:2    | Bought the amulet of Tempters {Spirit rN+ Dex+3} for 617
                  | gold pieces
 19081 | Snake:1  | Entered Level 1 of the Snake Pit
 20571 | Snake:2  | Reached XP level 16. HP: 104/116 MP: 16/19
 21019 | Snake:2  | Reached skill level 19 in Fighting
 21882 | Snake:3  | Reached ****** piety under Trog
 22216 | Snake:3  | Reached skill level 5 in Throwing
 23172 | Snake:4  | Entered Level 4 of the Snake Pit
 23235 | Snake:4  | Identified the +10 dire flail of Acutz {flame, rF+ Dex+2
                  | SInv} (Trog gifted it to you on level 4 of the Snake Pit)
 23235 | Snake:4  | Received a gift from Trog
 23693 | Snake:4  | Reached skill level 20 in Fighting
 23706 | Snake:4  | Noticed a nagaraja
 24085 | Snake:4  | Noticed a nagaraja
 24100 | Snake:4  | Killed a nagaraja
 24109 | Snake:4  | Reached XP level 17. HP: 124/124 MP: 14/20
 24144 | Snake:4  | Received a gift from Trog
 24218 | Snake:4  | Found Rura Des's Jewellery Shoppe.
 24549 | Abyss:3  | Cast into level 3 of the Abyss (naga warrior)
 24808 | Abyss:3  | Paralysed by accursed screaming for 1 turns
 24816 | Abyss:3  | HP: 2/124 [something/bolt of lightning (12)]
 24816 | Abyss:3  | Killed from afar by a starcursed mass

Illustrated notes

Levels and vault maps discovered:
D:1:      mrwooster_arrival_arrow, layout_basic, minmay_misc_feat_tower
D:2:      layout_loops_ring, chequers_serial_rivers_small_a
D:3:      layout_rooms, amcnicky_altar_gilded, serial_shops, shop_statue,
          minivault_11
D:4:      layout_layer_cave, mainiacjoe_overflow_chevrons, corexii_checkpoint_a,
          kennysheep_generic_room_10
D:5:      layout_loops_cross, grunt_qazlal_clouds,
          mainiacjoe_overflow_concentric_impassable, serial_shops,
          nicolae_shop_behind_doors, uniq_eustachio, uniq_duvessa
D:6:      layout_rooms, lemuel_tele_altar,
          chequers_temple_overflow_statue_of_worship,
          minmay_temple_entry_drinking_statues, minmay_crystal_room,
          minmay_manual_monstrance, uniq_pikel
D:7:      layout_basic, zin_treasury, minmay_mini_ossuary, uniq_maggie,
          uniq_crazy_yiuf_cottage
D:8:      layout_loops_ring, lemuel_mausoleum_altar_yredelemnul,
          dk_noncrumbling_2
D:9:      layout_loops_ring, xom_shifter_show,
          mainiacjoe_overflow_surrounded_room
D:10:     layout_gridville, mainiacjoe_overflow_cross_hatched,
          nicolae_overflow_hidden_temple, erik_lair_orcish_takeover,
          minmay_rotating_lava
D:11:     cheibrodos_statue_roulette, layout_gridville, orc_david_3,
          okawaru_metal_pillars_1_2
D:12:     layout_rooms
D:13:     layout_basic, serial_shops, shop, tgw_sif, uniq_sonja, uniq_rupert
Lair:1:   layout_chaotic_city, grunt_megastairs_3, uniq_erica
Lair:2:   beargit_carnivore_pack, layout_regular_city,
          minmay_snake_entry_six_corridors, st_stairs_4
Lair:3:   minmay_lair_oklob_tunnel, layout_hall_layers,
          minmay_shoals_entry_beasts, grunt_megastairs_5
Lair:4:   layout_regular_city, minmay_slime_entry_pillars,
          portal_ice_cave_demonic_guard, beast_lair_carwin_5
Lair:5:   hangedman_lair_caniforms_friends, layout_big_grid,
          hangedman_lair_in_review, uniq_urug
Snake:1:  nicolae_snake_nest, layout_layer_cave, nrook_guardian_serpent_double
Snake:2:  layout_cave_town
Snake:3:  layout_onion_interference, special_room
Snake:4:  snake_pit, layout_cave_town, serial_shops, shop, serial_bayou_shore_b,
          lemuel_fruit_tree, grunt_megastairs_1
Orc:1:    layout_caves, serial_shops, nicolae_shop_hallway_plus, uniq_erolcha
Orc:2:    grunt_orc_gardens, layout_caves, grunt_orc_garden, grunt_orc_garden,
          grunt_orc_garden, grunt_orc_garden
Abyss:3:  base: D:6, evilmike_abyss_exit_15

Skill      XL: |  1  2  3  4  5  6  7  8  9 10 11 12 13 14 15 16 17 |
---------------+----------------------------------------------------+-----
Fighting       | 4 5 6 7 9 10 11 13 15 17 18 20 | 20.5
Dodging        | 2 |  2.0
Armour         | 3 4 5 7 8 10 11 12 14 16 17 19 | 19.6
Maces & Flails | 4 5 7 8 9 10 12 14 15 16 | 16.0
Shields        | 3 4 5 6 |  6.0
Throwing       | 4 6 |  6.0
Evocations     | 2 |  2.0
Invocations    | 3 5 |  5.0

Action                     |  1- 3 |  4- 6 |  7- 9 | 10-12 | 13-15 | 16-18 || total
---------------------------+-------+-------+-------+-------+-------+-------++-------
  Melee: Mace              |   109 |    14 |   130 |    16 |    18 |   163 ||   450
         Flail             |       |   123 |    73 |       |       |       ||   196
         Punch             |       |     1 |     1 |       |       |       ||     2
         Whip              |       |       |    37 |   594 |   921 |   282 ||  1834
         Morningstar       |       |       |    35 |       |   318 |    88 ||   441
         Dire flail        |       |       |       |       |       |   135 ||   135
  Throw: Throwing net      |       |       |     1 |       |       |       ||     1
         Dart              |       |       |       |     1 |     1 |    13 ||    15
 Invoke: Berserk           |       |     4 |     4 |     4 |    11 |     6 ||    29
         Trog's Hand       |       |       |     3 |     2 |    10 |     6 ||    21
  Evoke: Wand              |       |       |       |     2 |     8 |     2 ||    12
         Lightning rod     |       |       |       |       |     9 |     6 ||    15
    Use: Scroll            |       |       |    14 |     4 |    12 |     6 ||    36
         Potion            |       |       |       |       |     6 |     3 ||     9
   Stab: Petrified         |       |       |       |     8 |       |       ||     8
         Distracted        |       |       |       |       |       |     1 ||     1
 Armour: Animal skin       |    10 |       |       |       |       |       ||    10
         Scale mail        |    30 |       |       |       |       |       ||    30
         Plate armour      |    53 |    96 |   195 |   339 |   792 |   337 ||  1812
  Dodge: Dodged            |    76 |    58 |   101 |   122 |   447 |   332 ||  1136
  Block: Kite shield       |       |       |    48 |   219 |   565 |   236 ||  1068
         Reflection        |       |       |       |       |       |    21 ||    21

Table legend: (Time is in decaauts)
 A = Elapsed time spent in this place.
 B = Non-inter-level travel time spent in this place.
 C = Inter-level travel time spent in this place.
 D = Time resting spent in this place.
 E = Time spent auto-exploring this place.
 F = Levels seen in this place.
 G = Mean time per level.
                   A        B        C        D        E       F      G
               +--------+--------+--------+--------+--------+-----+--------+
         Total |  24283 |  23322 |    961 |      0 |  17291 |  26 |  934.0 |
       Dungeon |  10670 |  10089 |    581 |      0 |   7940 |  13 |  820.8 |
          Lair |   5407 |   5208 |    199 |      0 |   4097 |   5 | 1081.4 |
     Snake Pit |   5304 |   5197 |    107 |      0 |   3853 |   4 | 1326.0 |
  Orcish Mines |   1585 |   1512 |     73 |      0 |    509 |   2 |  792.5 |
         Abyss |    220 |    220 |      0 |      0 |     98 |   1 |  220.0 |
      Ice Cave |   1095 |   1095 |      0 |      0 |    793 |   1 | 1095.0 |
               +--------+--------+--------+--------+--------+-----+--------+

Top non-repeatable levels by time:
 Snake:2: 1630 daAuts
 Snake:3: 1380 daAuts
     D:4: 1303 daAuts
  Lair:4: 1287 daAuts
 Snake:4: 1186 daAuts
    D:11: 1162 daAuts
  Lair:2: 1130 daAuts
  Lair:3: 1116 daAuts
 Snake:1: 1106 daAuts
   IceCv: 1095 daAuts
  Lair:1: 962 daAuts
  Lair:5: 911 daAuts
    D:13: 899 daAuts
     D:1: 893 daAuts
     D:5: 842 daAuts
